 Dungeon Crawl Stone Soup version 0.23-a0-171-g5ae17c6 (webtiles) character file.

184 yoda5477 the Sneak (level 5, 0/24 HPs)
             Began as a Spriggan Enchanter on Sept 15, 2018.
             Slain by a phantom (10 damage)
             ... on level 4 of the Dungeon.
             The game lasted 00:26:12 (4168 turns).

yoda5477 the Sneak (Spriggan Enchanter)             Turns: 4168, Time: 00:26:14

Health: 0/24       AC:  2    Str:  4    XL:     5   Next: 36%
Magic:  6/12       EV: 19    Int: 17    God:
Gold:   176        SH:  0    Dex: 17    Spells: 5/12 levels left

rFire    . . .     SeeInvis +   a - +1 dagger
rCold    + . .     Gourm    .   (shield restricted)
rNeg     . . .     Faith    .   b - +0 robe
rPois    .         Spirit   .   (helmet restricted)
rElec    .         Reflect  .   (no cloak)
rCorr    .         Harm     .   (gloves unavailable)
MR       .....                  (boots unavailable)
Stlth    +++.......             (no amulet)
HPRegen  0.08/turn              i - ring of protection from cold
MPRegen  0.13/turn              (no ring)

@: very slightly contaminated, very quick
A: very small, unfitting armour, see invisible, herbivore, speed 3, slow
metabolism 2
a: no special abilities


You were on level 4 of the Dungeon.
You were not hungry.

You visited 1 branch of the dungeon, and saw 4 of its levels.

You collected 176 gold pieces.

Inventory:

Hand Weapons
 a - a +1 dagger (weapon)
 k - a +0 rapier
 q - a +2 longbow of flaming
 r - a +2 dagger of holy wrath
Missiles
 g - 2 throwing nets (quivered)
Armour
 b - a +0 robe (worn)
Jewellery
 i - a ring of protection from cold (left hand)
Scrolls
 c - a scroll of enchant armour {unknown}
 e - 6 scrolls of identify
 f - 3 scrolls of remove curse {unknown}
 n - a scroll of immolation {unknown}
 o - 2 scrolls of noise {unknown}
 s - a scroll of random uselessness {unknown}
Potions
 h - 2 potions of curing {unknown}
 j - a potion of degeneration {unknown}
 l - 3 potions of lignification {unknown}
 m - a potion of heal wounds {unknown}
 p - a potion of resistance {unknown}
Comestibles
 d - 8 rations


   Skills:
 + Level 0.3 Fighting
 * Level 2.1 Short Blades
 * Level 3.8 Dodging
 * Level 6.0 Stealth
 + Level 4.1 Spellcasting
 * Level 4.9 Hexes


You had 5 spell levels left.
You knew the following spells:

 Your Spells              Type           Power        Failure   Level  Hunger
a - Corona                Hex            ###....      1%          1    None
b - Confuse               Hex            ###.....     6%          3    ###....
c - Tukima's Dance        Hex            ###.....     6%          3    ###....

Your spell library contained the following spells:

 Spells                   Type           Power        Failure   Level  Hunger
 Ensorcelled Hibernation  Hex/Ice        ##....       9%          2    ##.....
 Dazzling Spray           Conj/Hex       ##....       17%         3    ###....


Dungeon Overview and Level Annotations

Branches:
Dungeon (4/15)
 Temple: D:4-7

Altars:
Ashenzari
Fedhas
Okawaru


Innate Abilities, Weirdness & Mutations

You are very small and have problems with some larger weapons.
You are too small for most types of armour.
You have supernaturally acute eyesight. (SInv)
You are a herbivore.
You cover ground extremely quickly.
You need to consume almost no food.


Message History

You barely miss the phantom.
The phantom is moderately damaged.
The phantom closely misses you.
You hit the phantom.
The phantom is heavily damaged.
The phantom hits you but does no damage.
You hit the phantom.
The phantom is heavily damaged.
The phantom hits you!
You barely miss the phantom.
The phantom is heavily damaged.
The phantom hits you.
There is a stone staircase leading up here.
Casting: Corona (safe; 1% risk of failure)
Confirm with . or Enter, or press ? or * to list all spells.
Aiming: Confuse (safe; 6% risk of failure)
Press: ? - help, Shift-Dir - straight line, f/p - phantom
Aim: a phantom (heavily damaged, chance to defeat MR: 32%)
The phantom easily resists.
The phantom hits you!
You die...

###.###.###.......#.#..#
#####.##....##.....##....#
#....<.#...####...##.....# #####
#.####.#.#.##.##.##......###...#
##.####)#.#..#................#.#
...........†..................?>#
##.####.#.##....................#
#.#.###.................#.# #.#.#
#...@W......#.###.#.# #+#.#
#..###.#'#....# #.#.#
.(.........#.†..#.# $.#.#
..###...####.###### ###.# ...
..#.. .... .# ###.# ## #.# #..
#..#########


You could see a phantom.

Vanquished Creatures
  A hound (D:3)
  A howler monkey skeleton (D:3)
  4 adders
  A gnoll (D:1)
  5 dart slugs
  A leopard gecko (D:3)
  7 orcs
  A ball python (D:3)
  9 giant cockroaches
  10 goblins
  6 hobgoblins
  5 jackals (D:3)
  6 kobolds
  5 bats
  6 frilled lizards
  6 rats
74 creatures vanquished.

Vanquished Creatures (collateral kills)
  A hobgoblin (D:3)
  A kobold (D:3)
2 creatures vanquished.

Grand Total: 76 creatures vanquished

Notes
Turn   | Place    | Note
-------+----------+-------------------------------------------
     0 | D:1      | yoda5477 the Spriggan Enchanter began the quest for the
                  | Orb.
     0 | D:1      | Reached XP level 1. HP: 9/9 MP: 5/5
   152 | D:1      | Reached XP level 2. HP: 11/13 MP: 4/6
   427 | D:1      | Reached skill level 5 in Stealth
  1231 | D:1      | Reached XP level 3. HP: 16/16 MP: 8/8
  1334 | D:2      | Learned a level 3 spell: Confuse
  1445 | D:2      | Found a shattered altar of Ashenzari.
  1445 | D:2      | Found an iron altar of Okawaru.
  1626 | D:2      | Reached XP level 4. HP: 21/21 MP: 2/10
  2671 | D:3      | Reached XP level 5. HP: 24/24 MP: 6/11
  3530 | D:3      | Reached skill level 6 in Stealth
  3671 | D:3      | Learned a level 3 spell: Tukima's Dance
  4086 | D:4      | Found a blossoming altar of Fedhas.
  4132 | D:4      | Noticed a phantom
  4168 | D:4      | Slain by a phantom

Vault maps used:
D:1:      minmay_arrival_plants_in_alcoves, minmay_octomino_e4
D:2:      grunt_temple_overflow_open
D:3:      first_ration
D:4:      lemuel_round_altar, minmay_misc_feat_x, minmay_misc_feat_rows,
          uniq_crazy_yiuf_cottage

Skill      XL: |  1  2  3  4  5 |
---------------+----------------+-----
Stealth        | 5 6 |  6.0
Hexes          | 4 |  4.9
Spellcasting   | 3 4 |  4.1
Short Blades   | 2 |  2.1
Fighting       | |  0.3
Dodging        | |  3.8

Action                   |  1- 3 |  4- 6 || total
-------------------------+-------+-------++-------
Melee: Dagger            |   129 |   201 ||   330
 Cast: Corona            |    20 |    25 ||    45
       Confuse           |     5 |    19 ||    24
       Tukima's Dance    |       |     2 ||     2
  Use: Scroll            |       |     1 ||     1
 Stab: Sleeping          |    13 |    12 ||    25
       Confused          |     3 |     7 ||    10
  Eat: Ration            |       |     2 ||     2
Armor: Robe              |     9 |     9 ||    18
Dodge: Dodged            |    86 |   143 ||   229

Table legend:
 A = Non-vault XP
 B = Vault XP
 C = Vault XP percentage of total XP
 D = Non-vault monster count
 E = Vault monster count
 F = Vault count percentage of total count
                 A         B        C        D         E       F
            +---------+---------+-------+---------+---------+-------
      Total |     259 |       5 |   1.9 |      72 |       4 |   5.3
            +---------+---------+-------+---------+---------+-------
        D:1 |      49 |       5 |   9.3 |      20 |       4 |  16.7
        D:2 |      78 |       0 |   0.0 |      20 |       0 |   0.0
        D:3 |     123 |       0 |   0.0 |      29 |       0 |   0.0
        D:4 |       9 |       0 |   0.0 |       3 |       0 |   0.0
            +---------+---------+-------+---------+---------+-------
